 Dungeon Crawl Stone Soup version 0.19.4-9-g45fd643 (webtiles) character file.

109 equalderp2856 the Scratcher (level 4, -3/21 HPs)
             Began as a Felid Fighter on Feb 15, 2017.
             Slain by a gnoll sergeant
             ... wielding a +0 trident
              (15 damage)
             ... on level 3 of the Dungeon.
             The game lasted 00:13:12 (5588 turns).

equalderp2856 the Scratcher (Felid Fighter)         Turns: 5588, Time: 00:13:13

Health: -3/21      AC:  1    Str: 13    XL:     4   Next: 59%
Magic:  5/5        EV: 20    Int:  9    God:
Gold:   109        SH:  0    Dex: 15    Spells: 0 memorised, 3 levels left
                                        Lives:  0   Deaths: 1

rFire  . . .     SeeInvis +       - Unarmed
rCold  . . .     Gourm    .     (armour unavailable)
rNeg   . . .     Faith    .     (shield unavailable)
rPois  .         Spirit   .     (helmet unavailable)
rElec  .         Reflect  .     (cloak unavailable)
rCorr  .         Harm     .     (gloves unavailable)
MR     .....                    (boots unavailable)
Stlth  +++.......               (no amulet)
                                (no ring)
                                (no ring)

@: quick
A: no armour, no weapons or thrown items, stealth, claws 1, fangs 3, see
invisible, carnivore 3, speed 1, shaggy fur 1, slow metabolism 1, sharp paws
a: no special abilities


You were on level 3 of the Dungeon.
You were full.

You visited 1 branch of the dungeon, and saw 4 of its levels.

You collected 109 gold pieces.

Inventory:

Missiles
 f - 63 arrows
 w - a throwing net
Jewellery
 l - an uncursed ring of protection from cold {unknown}
 q - an uncursed ring of fire {unknown}
 s - an uncursed amulet of regeneration {unknown}
Scrolls
 c - 5 scrolls of identify {unknown}
 e - 3 scrolls of remove curse {unknown}
 h - a scroll of immolation {unknown}
 j - a scroll of recharging {unknown}
 k - 2 scrolls of teleportation {unknown}
 r - a scroll of enchant armour {unknown}
Potions
 a - a potion of might
 d - a potion of magic {unknown}
 i - a potion of cure mutation {unknown}
 m - a potion of degeneration {unknown}
 n - a potion of brilliance {unknown}
 o - a potion of berserk rage {unknown}
 t - a potion of agility {unknown}
 v - a potion of haste {unknown}
Books
 p - Sif Muna's Almanac of Talismans
   (You found it on level 2 of the Dungeon)

   Spells                             Type                      Level
   a - Infusion                       Charms                       1
Comestibles
 b - 3 meat rations
 g - 5 fruits
 u - a slice of pizza


   Skills:
 + Level 3.1 Fighting
 + Level 4.8 Dodging
 + Level 4.2 Stealth
 + Level 5.3 Unarmed Combat


You had 3 spell levels left.
You didn't know any spells.

Dungeon Overview and Level Annotations

Branches:
Dungeon (4/15)
 Temple: D:4-7

Altars:
Dithmenos
Kikubaaqudgha
Sif Muna
Vehumet

Annotations:
D:2 Sigmund
D:4 Edmund, Pikel


Innate Abilities, Weirdness & Mutations

You cannot wear armour.
You are incapable of wielding weapons or throwing items.
Your paws allow you to move quietly. (Stealth)
You have sharp claws.
You have razor-sharp teeth.
You have supernaturally acute eyesight. (SInv)
You are carnivorous and can eat meat at any time.
You cover ground quickly.
You are covered in fur. (AC +1)
You have a slow metabolism.
Your sharp claws are effective at attacking unaware monsters.


Message History

The gnoll sergeant hits you from afar with a +0 trident.
The gnoll sergeant barely misses you.
There is an open door here.
The gnoll sergeant closely misses you.
A kobold comes into view.
There is an open door here.
The frilled lizard hisses angrily.
You see here a club.
You scratch the frilled lizard.
You kill the frilled lizard!
You see here a club.
The gnoll shouts!
You scratch the gnoll sergeant but do no damage.
The gnoll sergeant misses you.
You claw the gnoll sergeant! You bite the gnoll sergeant.
The gnoll sergeant is moderately wounded.
The gnoll sergeant hits you with a +0 trident!
The gnoll sergeant hits you from afar with a +0 trident!
Ouch! That really hurt!
You die...

###.#####..#..#.#.#..########
#.# #..##.#.#............ #.#
#..##.#.##.....##..##
#.#####..##.#.##.....##..#
#....................##..#
#.............#.....K##..#
##......###..........##..#
#.###......###......'...##
####.....@.....<....##....
###...))####.....######
#####.g..#.....#
#######....#.....#
#..........g..g..# ##
#.#####....##....#####. #.#
###.[..........#. #.#
#............'. #.#
#............#.


You could see a gnoll sergeant and a gnoll.

Vanquished Creatures
  Ijyb (D:2)
  2 gnolls (D:3)
  5 adders
  2 worms (D:2)
  5 dart slugs
  A leopard gecko (D:1)
  3 giant cockroaches
  5 goblins
  8 hobgoblins
  5 jackals
  A quokka (D:3)
  A ball python (D:3)
  8 bats
  7 frilled lizards
  7 kobolds
  8 rats
69 creatures vanquished.

Notes
Turn   | Place    | Note
-------+----------+-------------------------------------------
     0 | D:1      | equalderp2856 the Felid Fighter began the quest for the Orb.
     0 | D:1      | Reached XP level 1. HP: 10/10 MP: 2/2
   296 | D:1      | Reached XP level 2. HP: 14/14 MP: 3/3
   939 | D:1      | Reached skill level 1 in Stealth
  2001 | D:2      | Reached XP level 3. HP: 16/17 MP: 4/4
  2188 | D:2      | Noticed Sigmund
  2260 | D:2      | Noticed Ijyb
  2271 | D:2      | Killed Ijyb
  2554 | D:2      | Reached XP level 4. HP: 21/21 MP: 5/5
  2695 | D:2      | Found a radiant altar of Vehumet.
  2795 | D:2      | Found an ancient bone altar of Kikubaaqudgha.
  2836 | D:2      | Found a deep blue altar of Sif Muna.
  2845 | D:2      | Identified Sif Muna's Almanac of Talismans
  3185 | D:3      | Noticed a gnoll sergeant
  3194 | D:3      | Slain by a gnoll sergeant
  3195 | D:3      | Reached XP level 3. HP: -1/17 MP: 4/4
  3234 | D:3      | Reached skill level 5 in Unarmed Combat
  3284 | D:3      | Found a shadowy altar of Dithmenos.
  3437 | D:3      | Reached XP level 4. HP: 19/21 MP: 5/5
  4829 | D:4      | Noticed Edmund
  4894 | D:4      | Noticed Pikel
  4894 | D:4      | Noticed a slave
  4894 | D:4      | Noticed a slave
  4896 | D:4      | Noticed a slave
  5026 | D:4      | Noticed an ogre
  5026 | D:4      | HP: 1/21 [gnoll/flail (7)]
  5588 | D:3      | Slain by a gnoll sergeant

Skill      XL: |  1  2  3  4 |
---------------+-------------+-----
Stealth        | 1 3 4 |  4.2
Unarmed Combat | 5 |  5.3
Fighting       | |  3.1
Dodging        | |  4.8

Action                   |  1- 3 |  4- 6 || total
-------------------------+-------+-------++-------
Melee: Unarmed           |    98 |    89 ||   187
       Punch             |     5 |       ||     5
       Bite              |     2 |     8 ||    10
 Stab: Sleeping          |     5 |     5 ||    10
  Eat: Chunk             |     7 |     8 ||    15
Armor: Skin              |     9 |     3 ||    12
Dodge: Dodged            |    98 |    78 ||   176
